 Dungeon Crawl Stone Soup version 0.19.0-19-g8c6edcc (webtiles) character file.

131536 Charly the Executioner (level 16, -5/150 HPs)
             Began as a Minotaur Berserker on Nov 12, 2016.
             Was a Priest of Trog.
             Killed from afar by a shock serpent (10 damage)
             ... with an electric aura
             ... on level 4 of the Snake Pit.
             The game lasted 02:03:24 (7250 turns).

Charly the Executioner (Minotaur Berserker)         Turns: 7250, Time: 02:03:25

Health: -5/150     AC: 16    Str: 26    XL:     16   Next: 25%
Magic:  18/18      EV: 21    Int:  4    God:    Trog [***...]
Gold:   402        SH:  0    Dex: 17    Spells: 0 memorised, 15 levels left

rFire  + . .     SeeInvis .     a - +2 battleaxe (flame)
rCold  . . .     Gourm    .     p - +0 swamp dragon scales
rNeg   . . .     Faith    .     (shield currently unavailable)
rPois  +         Spirit   .     j - +2 hat
rElec  .         Reflect  .     (no cloak)
rCorr  .         Harm     .     (no gloves)
MR     +++..                    g - +1 pair of boots
Stlth  +.........               (no amulet)
                                i - +4 ring of dexterity
                                f - ring of protection from fire

@: lethally poisoned (-5 -> -5), exhausted, regenerating, slowed, very slow
A: retaliatory headbutt, horns 2, talons 1, mutation resistance 1
a: Berserk, Trog's Hand, Burn Spellbooks, Renounce Religion
}: 1/15 runes: decaying


You were on level 4 of the Snake Pit.
You worshipped Trog.
Trog was most pleased with you.
You were not hungry.

You visited 5 branches of the dungeon, and saw 30 of its levels.
You also visited: Labyrinth.

You collected 1409 gold pieces.
You spent 1007 gold pieces at shops.

Inventory:

Hand Weapons
 a - a +2 battleaxe of flaming (weapon)
 s - a +2 battleaxe of electrocution
 B - a +0 battleaxe of freezing
Armour
 g - a +1 pair of boots (worn)
 j - a +2 hat (worn)
 p - +0 swamp dragon scales (worn)
 q - a +3 plate armour
 z - the +1 pair of boots "Ipeogeosun" {rCorr Int-4 Dex+5}
   (You found it on level 2 of the Swamp)

   It affects your intelligence (-4).
   It affects your dexterity (+5).
   It protects you from acid and corrosion.
Rods
 b - a +2 iron rod (3/14)
   (You found it in a labyrinth)
Jewellery
 f - a ring of protection from fire (left hand)
 i - a +4 ring of dexterity (right hand)
 m - an uncursed ring of protection from magic
 x - a +4 ring of strength
Wands
 d - a wand of disintegration (5/24)
 u - a wand of paralysis (7/24)
 I - a wand of lightning (1/15)
Scrolls
 h - a scroll of identify
 n - 2 scrolls of remove curse
 w - 2 scrolls of blinking
 y - a scroll of magic mapping
 C - a scroll of fog
Potions
 k - a potion of flight
 l - a potion of agility
Miscellaneous
 e - a fan of gales
Comestibles
 t - 3 bread rations


   Skills:
 + Level 15.7 Fighting
 * Level 21.3 Axes
 + Level 14.5 Armour
 * Level 13.3 Dodging
 - Level 4.7 Evocations


You had 15 spell levels left.
You didn't know any spells.

Dungeon Overview and Level Annotations

Branches:
Dungeon (14/15)            Temple (0/1) D:7            Lair (6/6) D:9
  Swamp (4/4) Lair:4        Snake (4/4) Lair:2          Orc (2/2) D:10
    Elf (0/3) Orc:2
  Slime: Lair:5-6    Vaults: D:13-14

Altars:
Fedhas
Hepliaklqana
Qazlal
Sif Muna
Yredelemnul

Shops:
Orc:2 (***

Annotations:
D:4 lorenzova's ghost, amateur MiFi
D:10 Monkaria's ghost, journeyman DDEE
D:14 Agnes


Innate Abilities, Weirdness & Mutations

You reflexively headbutt those who attack you in melee.
You have a pair of horns on your head.
You have sharp toenails.
You are somewhat resistant to further mutation.


Message History

Trog accepts your kill.
Trog appreciates your killing of a magic user.
You slash the black mamba! You burn the black mamba.
You barely miss the naga sharpshooter. The black mamba closely misses you.
The naga sharpshooter casts a spell.
The naga sharpshooter magically shoots an arrow.
The arrow hits you.
* * * LOW HITPOINT WARNING * * *
The naga sharpshooter casts a spell.
The naga sharpshooter magically shoots an arrow.
The arrow hits you.
* * * LOW HITPOINT WARNING * * *
The black mamba closely misses you.
Unknown command.
You slice the shock serpent!! You burn the shock serpent.
Your headbutt misses the shock serpent.
The shock serpent is heavily wounded.
You hit the naga sharpshooter. You burn the naga sharpshooter.
The shock serpent's electric aura discharges, shocking you!
You die...

###...###
........####
....$......###
.............##
.
..............##
.
...............#
.
......N........#
.
......N(........
.
.....SS@S.......
.....%##)..$....
...... ##.......
#.... .......
##... .$...#.
#.. .....# ##N
....... .......
.......


You could see 2 naga sharpshooters, a shock serpent and 2 black mambas.

Vanquished Creatures
  5 nagarajas (Snake:4)
  Louise (Swamp:4)
  2 orc warlords (Orc:1)
  2 stone giants (Orc:2)
  A minotaur (Lab)
  Erolcha (D:9)
  5 naga warriors
  A ghost crab (Swamp:4)
  17 hydras
  A centaur warrior (D:11)
  3 anacondas
  7 alligators
  2 death yaks (Lair:3)
  A tengu warrior (D:13)
  An orc high priest (Orc:1)
  2 ogre magi (Orc:2)
  2 shock serpents
  7 naga sharpshooters
  7 spriggans
  A salamander mystic (Snake:4)
  4 swamp dragons (Swamp:4)
  4 naga ritualists (Snake:4)
  3 spriggan druids (Swamp:4)
  A deep troll (Orc:2)
  2 unseen horrors
  5 shambling mangroves
  The ghost of lorenzova the Shield-Bearer, a novice MiFi of Okawaru (D:7)
  A deep elf archer (D:12)
  2 hill giants
  18 deep elf magi
  5 orc sorcerers
  2 ugly things (D:11)
  6 black mambas
  3 salamanders
  2 centaur skeletons
  3 naga magi
  11 spiny frogs
  A gargoyle (D:10)
  A rime drake (Lair:2)
  2 kobold demonologists (D:13)
  3 komodo dragons
  8 tyrant leeches
  7 two-headed ogres
  14 trolls
  16 hornets
  8 bog bodies
  10 blink frogs
  4 hippogriffs
  12 slime creatures
  Sigmund (D:2)
  22 yaks
  3 wraiths
  4 basilisks
  19 vampire mosquitoes
  Menkaure (D:6)
  3 wargs (Orc:1)
  14 swamp worms
  18 nagas
  7 insubstantial wisps (Swamp:2)
  2 porcupines
  4 water moccasins
  20 orc warriors
  3 black bears
  10 swamp drakes
  17 ogres
  A sky beast (D:9)
  9 wolves
  3 phantoms
  8 centaurs
  6 crocodiles
  3 big kobolds
  6 bullfrogs
  A wyvern skeleton (D:13)
  3 scorpions
  3 killer bees (D:8)
  A howler monkey (D:7)
  4 crimson imps
  14 orc priests
  5 hounds
  23 orc wizards
  3 iguanas
  10 worker ants
  A hound zombie (D:6)
  3 gnolls (D:4)
  An adder (D:3)
  A shadow imp (D:7)
  An adder skeleton (D:9)
  8 dart slugs
  7 leopard geckos
  68 orcs
  A ball python (D:3)
  3 bats
  A giant cockroach (D:4)
  3 hobgoblins
  13 jackals
  12 kobolds
  4 quokkas
  A frilled lizard (D:1)
  A quokka skeleton (D:4)
  A rat (D:1)
609 creatures vanquished.

Vanquished Creatures (collateral kills)
  A hydra (Swamp:2)
  A death yak (Lair:3)
  An alligator (Swamp:4)
  A hill giant (Orc:2)
  3 deep elf magi
  An orc sorcerer (Orc:2)
  A cyclops (Orc:2)
  2 kobold demonologists (D:12)
  2 bog bodies (Swamp:4)
  4 slime creatures (Swamp:3)
  2 swamp worms (Swamp:3)
  An insubstantial wisp (Swamp:2)
  An orc warrior (Orc:2)
  6 ogres (Orc:2)
  A big kobold (D:12)
  2 kobolds (D:12)
30 creatures vanquished.

Vanquished Creatures (others)
  An orc (Orc:2)
  3 plants
4 creatures vanquished.

Grand Total: 643 creatures vanquished

Notes
Turn   | Place    | Note
-------+----------+-------------------------------------------
     0 | D:1      | Charly the Minotaur Berserker began the quest for the Orb.
     0 | D:1      | Reached XP level 1. HP: 19/19 MP: 0/0
    38 | D:1      | You fall through a shaft!
    75 | D:1      | Reached skill level 4 in Axes
   108 | D:2      | Noticed Sigmund
   117 | D:2      | Killed Sigmund
   117 | D:2      | Reached skill level 7 in Axes
   117 | D:2      | Reached XP level 2. HP: 23/26 MP: 1/1
   117 | D:2      | Reached XP level 3. HP: 28/31 MP: 2/2
   117 | D:2      | Reached XP level 4. HP: 35/39 MP: 3/3
   117 | D:2      | Reached XP level 5. HP: 40/45 MP: 4/4
   144 | D:2      | Found a basalt altar of Yredelemnul.
   271 | D:3      | Reached ** piety under Trog
   318 | D:4      | Noticed an ogre
   322 | D:4      | Killed an ogre
   322 | D:4      | Reached XP level 6. HP: 53/53 MP: 5/5
   375 | D:4      | Reached skill level 8 in Axes
   401 | D:5      | Entered Level 5 of the Dungeon
   429 | D:5      | Got a dazzling whip
   430 | D:5      | Identified the +6 whip of Peril {flame, rF+} (You found it on level 5 of the Dungeon)
   436 | D:4      | Noticed lorenzova's ghost (amateur MiFi)
   454 | D:4      | Reached skill level 5 in Fighting
   494 | D:6      | Reached skill level 9 in Axes
   494 | D:6      | Reached XP level 7. HP: 61/61 MP: 6/6
   584 | D:6      | Noticed Menkaure
   592 | D:6      | Killed Menkaure
   663 | D:7      | Reached skill level 10 in Axes
   672 | D:7      | Reached *** piety under Trog
   678 | D:7      | Noticed lorenzova's ghost (novice MiFi)
   694 | D:7      | Found a staircase to the Ecumenical Temple.
   716 | D:7      | Reached XP level 8. HP: 56/71 MP: 7/7
   726 | D:7      | Killed lorenzova's ghost
   726 | D:7      | Reached skill level 11 in Axes
   760 | D:7      | Found a hazy altar of Hepliaklqana.
   961 | D:9      | Found a staircase to the Lair.
   963 | D:9      | Noticed a spiny frog
   978 | D:9      | Killed a spiny frog
   978 | D:9      | Reached skill level 12 in Axes
   978 | D:9      | Reached XP level 9. HP: 61/81 MP: 8/8
  1008 | Lair:1   | Entered Level 1 of the Lair of Beasts
  1018 | Lair:2   | Noticed a rime drake
  1067 | Lair:3   | Found a deep blue altar of Sif Muna.
  1067 | Lair:3   | Noticed a black mamba
  1170 | Lair:2   | Noticed a komodo dragon
  1197 | Lair:2   | Killed a komodo dragon
  1197 | Lair:2   | Reached skill level 5 in Armour
  1249 | Lair:2   | Noticed a spiny frog
  1258 | Lair:2   | Killed a spiny frog
  1258 | Lair:2   | Reached skill level 13 in Axes
  1307 | Lair:2   | Noticed a four-headed hydra
  1314 | Lair:1   | Reached skill level 5 in Dodging
  1314 | Lair:1   | Reached XP level 10. HP: 78/91 MP: 9/9
  1382 | Lair:3   | Noticed a six-headed hydra
  1385 | Lair:3   | Killed a black mamba
  1392 | Lair:2   | Reached skill level 14 in Axes
  1433 | Lair:3   | Reached skill level 10 in Fighting
  1497 | Lair:3   | Reached XP level 11. HP: 78/101 MP: 10/10
  1566 | Lair:3   | Killed a six-headed hydra
  1708 | Lair:3   | Reached skill level 15 in Axes
  1954 | Lair:4   | SWAMP l4
  2087 | Lair:6   | Entered Level 6 of the Lair of Beasts
  2199 | Lair:3   | Noticed a death yak
  2201 | Lair:3   | Noticed a death yak
  2207 | Lair:3   | Noticed a death yak
  2209 | Lair:3   | Killed a death yak
  2212 | Lair:3   | Killed a death yak
  2217 | Lair:3   | Killed a death yak
  2293 | Lair:2   | Found a staircase to the Snake Pit.
  2390 | D:9      | Noticed Erolcha
  2399 | D:9      | Killed Erolcha
  2402 | D:9      | Found a blossoming altar of Fedhas.
  2512 | D:10     | Entered Level 10 of the Dungeon
  2521 | D:10     | Noticed Monkaria's ghost (journeyman DDEE)
  2525 | D:9      | You fall through a shaft for 2 floors!
  2525 | D:11     | Noticed a green ugly thing
  2527 | D:11     | Noticed a centaur warrior
  2534 | D:11     | Killed an unseen horror
  2534 | D:11     | Received a gift from Trog
  2537 | D:11     | Killed a centaur warrior
  2537 | D:11     | Reached skill level 16 in Axes
  2537 | D:11     | Reached XP level 12. HP: 110/110 MP: 11/11
  2636 | D:12     | Found a labyrinth entrance.
  2666 | Lab      | Entered a labyrinth
  2745 | Lab      | Noticed a minotaur
  2750 | Lab      | Killed a minotaur
  2750 | Lab      | Reached skill level 10 in Armour
  2794 | D:12     | Reached **** piety under Trog
  2835 | D:13     | Reached skill level 1 in Evocations
  2959 | D:13     | HP: 6/168 [burnt (4)]
  2961 | D:13     | HP: 2/168 [burnt (5)]
  3084 | D:13     | Reached skill level 17 in Axes
  3107 | D:13     | Reached ***** piety under Trog
  3200 | D:13     | Noticed a tengu warrior
  3219 | D:13     | Killed a tengu warrior
  3248 | D:14     | Noticed Agnes
  3336 | D:12     | Reached XP level 13. HP: 108/119 MP: 14/14
  3646 | D:10     | Found a staircase to the Orcish Mines.
  3666 | Orc:1    | Entered Level 1 of the Orcish Mines
  3670 | Orc:1    | Noticed an orc warlord
  3720 | Orc:1    | Killed an orc warlord
  3803 | Orc:1    | Reached skill level 18 in Axes
  3845 | Orc:2    | Entered Level 2 of the Orcish Mines
  3845 | Orc:2    | Noticed a stone giant
  3947 | Orc:2    | Killed a stone giant
  4080 | Orc:2    | Found a staircase to the Elven Halls.
  4204 | Orc:1    | Noticed an orc warlord
  4224 | Orc:1    | Killed an orc warlord
  4316 | Orc:2    | Noticed a stone giant
  4321 | Orc:2    | Found Wifobof's General Store.
  4327 | Orc:2    | Killed a stone giant
  4372 | Orc:1    | Reached XP level 14. HP: 86/130 MP: 16/16
  4457 | Orc:2    | Found Ushong's General Store.
  4512 | Orc:2    | Found Cicai's Weapon Boutique.
  4513 | Orc:2    | Found Yheupp's Assorted Antiques.
  4532 | Orc:2    | Bought a scroll of enchant armour for 202 gold pieces
  4532 | Orc:2    | Bought a potion of agility for 108 gold pieces
  4532 | Orc:2    | Bought 2 sedimented black potions for 48 gold pieces
  4532 | Orc:2    | Bought a pink potion for 24 gold pieces
  4532 | Orc:2    | Bought a scroll of identify for 54 gold pieces
  4532 | Orc:2    | Bought 2 potions of invisibility for 432 gold pieces
  4532 | Orc:2    | Bought a scroll labeled XOJIGH BYGRAMECO for 27 gold pieces
  4538 | Orc:2    | Bought a scroll of blinking for 112 gold pieces
  4604 | D:10     | Received a gift from Trog
  4775 | Lair:4   | Found a staircase to the Swamp.
  4780 | Lair:4   | Gained mutation: You have sharp toenails. [potion of mutation]
  4780 | Lair:4   | Gained mutation: You are somewhat resistant to further mutation. [potion of mutation]
  4801 | Swamp:1  | Entered Level 1 of the Swamp
  4815 | Swamp:1  | Reached skill level 19 in Axes
  4878 | Swamp:1  | Reached skill level 10 in Dodging
  5095 | Swamp:2  | You fall through a shaft!
  5095 | Swamp:3  | Found a stormy altar of Qazlal.
  5231 | Swamp:4  | Entered Level 4 of the Swamp
  5280 | Swamp:4  | Received a gift from Trog
  5327 | Swamp:4  | HP: 6/133 [poison (poison gas)]
  5332 | Swamp:3  | HP: 5/133 [poison (poison gas)]
  5337 | Swamp:3  | HP: 6/133 [poison (poison gas)]
  5470 | Swamp:4  | Reached XP level 15. HP: 139/139 MP: 17/17
  5471 | Swamp:4  | Reached skill level 20 in Axes
  5803 | Swamp:4  | Noticed Louise
  5832 | Swamp:4  | Killed Louise
  6010 | Swamp:4  | Reached skill level 15 in Fighting
  6101 | Swamp:4  | Got a decaying rune of Zot
  6209 | Swamp:2  | Identified the +1 pair of boots "Ipeogeosun" {rCorr Int-4 Dex+5} (You found it on level 2 of the Swamp)
  6443 | Snake:1  | Entered Level 1 of the Snake Pit
  6689 | Snake:4  | Entered Level 4 of the Snake Pit
  6693 | Snake:4  | Noticed a nagaraja
  6696 | Snake:4  | Killed a nagaraja
  6792 | Snake:4  | Noticed a nagaraja
  6839 | Snake:4  | Killed a nagaraja
  6856 | Snake:4  | Reached skill level 21 in Axes
  6929 | Snake:4  | Noticed a nagaraja
  6952 | Snake:4  | Killed a nagaraja
  6952 | Snake:4  | Reached XP level 16. HP: 128/149 MP: 18/18
  7131 | Snake:4  | Upgraded the game from 0.19.0-18-g426998a to 0.19.0-19-g8c6edcc
  7249 | Snake:4  | HP: 6/150 [naga sharpshooter/arrow (4)]
  7250 | Snake:4  | Killed from afar by a shock serpent

Skill      XL: |  1  2  3  4  5  6  7  8  9 10 11 12 13 14 15 16 |
---------------+-------------------------------------------------+-----
Axes           | 7 9 10 12 13 14 16 17 18 19 21 | 21.3
Fighting       | 4 5 6 8 9 10 11 12 13 14 15 | 15.7
Armour         | 3 5 7 9 11 12 13 14 | 14.5
Dodging        | 3 5 6 8 9 10 12 13 | 13.3
Evocations     | 3 4 |  4.7

Action                   |  1- 3 |  4- 6 |  7- 9 | 10-12 | 13-15 | 16-18 || total
-------------------------+-------+-------+-------+-------+-------+-------++-------
Melee: Hand axe          |     8 |    58 |     8 |       |       |       ||    74
       Headbutt          |     1 |    13 |    16 |    84 |   202 |    22 ||   338
       Whip              |       |     7 |    68 |    37 |     4 |       ||   116
       War axe           |       |       |    50 |   250 |       |       ||   300
       Battleaxe         |       |       |       |     7 |   692 |    69 ||   768
Invok: Berserk           |     1 |     5 |    11 |    20 |    37 |     3 ||    77
       Burn Spellbooks   |       |     1 |       |     4 |     1 |       ||     6
       Trog's Hand       |       |       |    10 |    18 |    43 |    12 ||    83
       Brothers in Arms  |       |       |       |     1 |    10 |       ||    11
Evoke: Wand              |       |       |       |     7 |    22 |     1 ||    30
       Box of beasts     |       |       |       |     2 |     3 |       ||     5
       Rod               |       |       |       |       |     7 |     2 ||     9
       Fan of gales      |       |       |       |       |     1 |       ||     1
  Use: Scroll            |       |       |    10 |    15 |    12 |     4 ||    41
       Potion            |       |       |     5 |     7 |     8 |     1 ||    21
 Stab: Sleeping          |       |     1 |       |       |       |       ||     1
       Invisible         |       |       |       |       |    11 |       ||    11
       Distracted        |       |       |       |       |     1 |       ||     1
       Paralysed         |       |       |       |       |     1 |       ||     1
  Eat: Chunk             |       |     2 |    11 |    16 |    30 |     1 ||    60
       Fruit             |       |     2 |       |     4 |     7 |       ||    13
       Bread ration      |       |       |     1 |     3 |     2 |     1 ||     7
       Pizza             |       |       |       |     1 |       |       ||     1
       Meat ration       |       |       |       |       |     4 |     1 ||     5
       Royal jelly       |       |       |       |       |     3 |       ||     3
       Beef jerky        |       |       |       |       |     1 |       ||     1
Armor: Animal skin       |     6 |     3 |       |       |       |       ||     9
       Chain mail        |       |    17 |       |       |       |       ||    17
       Scale mail        |       |    13 |    38 |    22 |       |       ||    73
       Skin              |       |       |    30 |     4 |       |       ||    34
       Plate armour      |       |       |       |    81 |   210 |       ||   291
       Swamp dragon scal |       |       |       |       |    71 |    17 ||    88
Dodge: Dodged            |    11 |    35 |    68 |   209 |   532 |    67 ||   922
